Map: [ESL] Dynasty

Players

ShoWTimE

  • Race: Protoss Protoss
  • League: Master
  • Spawn Location: 7:00

gumiho - Winner!

  • Race: Terran Terran
  • Spawn Location: 1:00

Event: HomeStory Cup XXV

VOD

Have the link to the VOD?

Description

Time

  • Played on: June 23, 2024, 5:52 p.m.
  • Length: 11:30

All games in this series

Show
View Real Time Build Order
Export as new Build Order

ShoWTimE Protoss 

Build Orders: 1 Gate Expand, Blink Stalkers 

Get SALT Encoding   

  12  0:00  Probe  
  13  0:12  Probe  
  14  0:17  Pylon  
  14  0:24  Probe (Chrono Boost)  
  15  0:35  Gateway  
  15  0:36  Probe (Chrono Boost)  
  16  0:45  Assimilator, Probe (Chrono Boost)  
  17  0:50  Probe  
  18  1:02  Probe  
  19  1:15  Probe  
  20  1:21  Cybernetics Core  
  20  1:31  Nexus  
  20  1:34  Probe  
  21  1:40  Pylon  
  21  1:46  Probe  
  22  1:49  Assimilator  
  22  1:55  Adept (Chrono Boost)  
  22  1:58  Probe  
  22  2:01  Warp Gate  
  25  2:10  Probe  
  26  2:16  Stalker (Chrono Boost)  
  28  2:23  Probe  
  29  2:32  Twilight Council  
  29  2:35  Probe  
  30  2:42  Stalker  
  30  2:43  Probe (Chrono Boost)  
  33  2:49  Probe (Chrono Boost)  
  33  2:51  Gateway  
  34  2:56  Probe (Chrono Boost)  
  35  3:03  Shield Battery  
  35  3:04  Probe x2 (Chrono Boost)  
  37  3:08  Blink (Chrono Boost)  
  37  3:11  Probe  
  38  3:15  Probe  
  39  3:23  Probe  
  40  3:27  Gateway, Probe  
  40  3:32  Pylon  
  41  3:35  Probe  
  41  3:39  Probe  
  42  3:42  Pylon  
  42  3:44  Robotics Facility  
  42  3:48  Stalker  
  42  3:51  Stalker  
  46  3:57  Gateway  
  46  4:00  Probe  
  46  4:01  Probe  
  48  4:12  Assimilator, Probe  
  48  4:13  Probe  
  48  4:16  Pylon  
  50  4:21  Stalker x2  
  54  4:27  Shield Battery  
  54  4:30  Warp Prism (Chrono Boost)  
  54  4:37  Pylon  
  56  4:39  Probe x2  
  56  4:44  Stalker  
  60  4:48  Stalker  
  62  4:58  Stalker x2  
  62  4:59  Observer  
  67  5:03  Pylon  
  66  5:14  Stalker  
  66  5:15  Stalker  
  70  5:21  Observer  
  69  5:34  Stalker x2  
  66  5:37  Probe x2  
  68  5:44  Stalker  
  69  5:59  Probe x2  
  69  6:03  Stalker x3  
  75  6:05  Nexus  
  75  6:07  Stalker, Pylon  
  78  6:11  Probe  
  78  6:17  Robotics Bay  
  78  6:23  Pylon  
  78  6:25  Probe x2  
  78  6:34  Charge  
  78  6:35  Gateway  
  78  6:37  Gateway, Probe x2  
  80  6:41  Shield Battery  
  80  6:43  Pylon  
  80  6:49  Probe  
  80  6:53  Stalker  
  83  7:02  Gateway  
  83  7:03  Colossus (Chrono Boost)  
  83  7:04  Gateway  
  86  7:16  Sentry  
  86  7:17  Zealot x3  
  89  7:25  Pylon  
  89  7:26  Probe  
  82  7:35  Extended Thermal Lance (Chrono Boost)  
  82  7:36  Probe  
  84  7:38  Probe  
  84  7:43  Pylon  
  84  7:48  Probe  
  85  8:05  Probe x2  
  85  8:07  Colossus (Chrono Boost)  
  91  8:17  Probe  
  91  8:19  Nexus  
  92  8:21  Stalker x2  
  92  8:23  Zealot  
  98  8:29  Probe x2  
  98  8:30  Pylon  
  100  8:39  Zealot x2  
  102  8:42  Observer  
  102  8:45  Pylon  
  102  8:48  Probe x2  
  102  8:49  Pylon  
  102  8:54  Zealot, Sentry x2  
  110  9:00  Colossus (Chrono Boost)  
  110  9:03  Probe x2  
  116  9:11  Forge  
  116  9:21  Shield Battery  
  116  9:25  Zealot x3  
  122  9:32  Zealot x2  
  122  9:37  Probe x2  
  128  9:44  Disruptor (Chrono Boost)  
  126  9:46  Observer  
  130  9:55  Zealot x5  
  140  10:02  Pylon  
  140  10:07  Pylon  
  139  10:20  Disruptor  
  143  10:27  Zealot x4  
  145  10:31  Zealot x3  
  109  10:43  Zealot  
  109  10:47  Zealot x3  
  83  10:52  Zealot x2  
  83  10:55  Zealot  
  77  11:02  Zealot  
  69  11:04  Zealot  
  69  11:08  Stalker x2  
  68  11:12  Zealot x2  
Show
View Real Time Build Order
Export as new Build Order

gumiho Terran - Winner!

Build Orders: 1/1/1, Cyclone Opening 

Get SALT Encoding   

  12  0:00  SCV  
  13  0:12  SCV  
  14  0:16  Supply Depot  
  14  0:24  SCV  
  15  0:38  SCV  
  15  0:40  Barracks  
  15  0:42  Refinery  
  16  0:50  SCV  
  16  0:52  Refinery  
  17  1:02  SCV  
  18  1:14  SCV  
  19  1:26  Orbital Command  
  19  1:27  Reaper  
  19  1:29  Supply Depot  
  20  1:40  Factory  
  20  1:52  SCV  
  21  1:59  Barracks Reactor  
  21  2:04  SCV  
  22  2:15  Command Center  
  22  2:19  SCV  
  23  2:27  Starport  
  23  2:31  SCV  
  24  2:37  Supply Depot  
  24  2:40  Cyclone  
  27  2:44  SCV  
  27  2:47  Marine  
  27  2:49  Marine  
  29  2:56  SCV  
  30  3:03  Medivac  
  32  3:07  Marine x2  
  32  3:08  SCV  
  32  3:12  Factory Tech Lab  
  35  3:20  SCV  
  35  3:25  Marine x2  
  38  3:27  Orbital Command  
  38  3:32  SCV  
  39  3:36  Factory Tech Lab  
  39  3:41  Banshee  
  42  3:43  Supply Depot  
  42  3:45  Cloaking Field  
  42  3:47  SCV  
  42  3:48  Marine  
  44  3:50  Marine  
  44  3:55  SCV  
  46  3:59  SCV  
  47  4:06  Marine  
  47  4:08  Marine  
  47  4:09  Siege Tank  
  52  4:10  SCV  
  52  4:11  SCV  
  54  4:18  Refinery  
  54  4:20  Barracks  
  54  4:21  Supply Depot  
  54  4:23  SCV x2  
  56  4:27  Banshee  
  59  4:34  Supply Depot  
  59  4:35  SCV x2  
  59  4:37  Marine  
  62  4:42  Marine  
  62  4:44  Barracks  
  63  4:47  SCV x2  
  63  4:50  Siege Tank  
  68  4:59  SCV x2  
  69  5:00  Supply Depot, Engineering Bay  
  69  5:01  Marine x2  
  71  5:11  SCV  
  71  5:12  SCV  
  73  5:15  Supply Depot  
  73  5:16  Starport Reactor  
  73  5:17  Stimpack  
  73  5:18  Supply Depot, Marine  
  73  5:19  Marauder  
  73  5:20  Marine  
  73  5:34  Marine  
  68  5:36  Marine  
  68  5:40  Marauder  
  70  5:48  Marine  
  71  5:51  SCV x2  
  71  5:52  Terran Infantry Weapons Level 1  
  71  5:54  Marine x2  
  75  5:58  Siege Tank  
  75  6:02  Marauder  
  80  6:07  Medivac  
  83  6:11  SCV x2  
  83  6:15  Barracks Tech Lab, Marine  
  85  6:19  Supply Depot  
  85  6:22  Marine  
  85  6:23  Marauder  
  85  6:24  SCV x2  
  87  6:32  Marine  
  87  6:33  Siege Tank  
  87  6:38  Combat Shield, Marauder  
  87  6:39  SCV  
  95  6:40  SCV  
  95  6:44  Marauder  
  97  6:48  Marine  
  98  6:58  Marine  
  98  7:00  Marauder  
  100  7:05  Marine  
  100  7:06  Marauder  
  99  7:09  Siege Tank  
  99  7:12  SCV x2  
  104  7:16  Marine  
  104  7:21  Marauder  
  95  7:23  Marine  
  95  7:27  Marauder  
  90  7:34  Marine  
  90  7:36  Medivac  
  93  7:41  Concussive Shells, Marine  
  93  7:42  Marauder  
  93  7:44  SCV x2  
  98  7:45  Medivac  
  98  7:49  Marauder  
  102  7:52  Marine  
  102  7:54  Supply Depot  
  102  7:56  SCV x2  
  102  7:57  Supply Depot  
  104  8:04  Marauder  
  104  8:05  Marine  
  105  8:08  SCV x2  
  105  8:10  Marauder  
  110  8:16  Viking  
  112  8:20  Supply Depot  
  112  8:21  SCV x2  
  112  8:22  Supply Depot  
  112  8:25  Marauder  
  115  8:29  Marine  
  115  8:31  Marauder  
  118  8:38  Marine  
  106  8:42  Siege Tank  
  106  8:47  Marine, Marauder, Viking  
  106  8:48  Viking  
  115  8:52  SCV x2  
  115  8:55  Supply Depot  
  117  8:56  Marine, Marauder  
  120  9:08  Marine, Marauder  
  122  9:14  Marine  
  122  9:15  Siege Tank  
  126  9:18  Marauder  
  128  9:25  Viking  
  128  9:26  Marine  
  129  9:36  Marine, Marauder  
  132  9:46  Marine, Marauder  
  132  9:48  Siege Tank  
  132  9:52  Supply Depot  
  138  9:54  Marine  
  138  9:58  Marauder  
  141  10:04  Marine  
  142  10:07  Marine  
  142  10:11  Marine  
  143  10:14  Viking  
  143  10:15  Viking  
  143  10:19  Marauder  
  144  10:30  Marine  
  144  10:31  Marauder  
  145  10:40  Marauder  
  85  11:02  Marine  
  85  11:03  Marine, Marauder x2  
Tags
 
Add a new tag
Caveats
  • Supply blocks, unpowered buildings, or Contaminate may cause inaccurate times.
  • Supply counts are checked every 10 seconds.